 Dungeon Crawl Stone Soup version 0.14.1-26-g5a19342 (webtiles) character file.

26192 MRaven the Arsonist (level 12, -12/59 HPs)
             Began as a Deep Elf Fire Elementalist on July 8, 2014.
             Was the Champion of Sif Muna.
             Mangled by a wyvern (14 damage)
             ... on Level 6 of the Lair of Beasts.
             The game lasted 03:01:25 (21861 turns).

MRaven the Arsonist (Deep Elf Fire Elementalist)   Turns: 21861, Time: 03:01:25

HP -12/59        AC 11     Str  6      XL: 12   Next: 91%
MP   6/35        EV 15     Int 25      God: Sif Muna [******]
Gold 479         SH 15     Dex 15      Spells:  7 memorised, 13 levels left

rFire  + . .     SeeInvis .     w - +11,+10 war axe "Worm" {pain, Noisy rF+}
rCold  . . .     Clarity  .     k - +2 robe
rNeg   . . .     Conserve .     E - +3 shield {AC+3}
rPois  .         rCorr    +     D - +0 helmet
rElec  .         rRot     .     I - +0 cloak
SustAb . .       Spirit   .     h - +0 pair of gloves
rMut   .         Warding  .     z - +0 pair of boots
Saprov . . .     Stasis   .     A - amulet of resist corrosion
MR     +....                    G - ring of wizardry
                                g - +5 ring of evasion

@: burdened, slow, somewhat resistant to hostile enchantments, unstealthy
A: no striking features
a: Channel Energy, Forget Spell, Renounce Religion


You were on level 6 of the Lair of Beasts.
You worshipped Sif Muna.
Sif Muna was exalted by your worship.
You were encumbered.
You were not hungry.

You visited 3 branches of the dungeon, and saw 16 of its levels.
You also visited: Sewer.

You collected 695 gold pieces.
You spent 216 gold pieces at shops.

Inventory:

Hand weapons
 f - the -3,+10 falchion "Koppak" {flame, *Tele rF++ Str-1 SInv}
   (You found it on level 7 of the Dungeon)

   It emits flame when wielded, causing extra injury to most foes and up to
   double damage against particularly susceptible opponents.
   Big, fiery blades are also staple armaments of hydra-hunters.
   It affects your strength (-1).
   It greatly protects you from fire.
   It enhances your eyesight.
   It causes random teleportation.
 w - the +11,+10 war axe "Worm" (weapon) {pain, Noisy rF+}
   (You found it on level 3 of the Lair of Beasts)

   In the hands of one skilled in necromantic magic, it inflicts extra damage on
   living creatures.
   It protects you from fire.
   It may make noises in combat.
 x - a +1,+1 flail of protection
Armour
 h - a +0 pair of gloves (worn)
 k - a +2 robe (worn)
 z - a +0 pair of boots (worn)
 D - a +0 helmet (worn)
 E - a +3 shield of protection (worn)
 I - a +0 cloak (worn)
Comestibles
 d - 6 meat rations
 M - 9 bananas
Scrolls
 a - 12 scrolls of remove curse
 b - a scroll of enchant armour
 l - 3 scrolls of recharging
 m - 4 scrolls of fog
 o - 5 scrolls of magic mapping
 q - 4 scrolls of teleportation
 y - 7 scrolls of identify
Jewellery
 c - an uncursed ring of ice
 g - a +5 ring of evasion (left hand)
 i - an uncursed amulet of rage {unknown}
 t - a +3 ring of protection
 A - an amulet of resist corrosion (around neck)
 C - a +2 ring of protection
 G - a ring of wizardry (right hand)
 K - an uncursed ring of protection from magic
 N - an uncursed amulet of warding {unknown}
Potions
 e - 6 potions of curing
 j - a potion of haste
 n - a potion of degeneration {unknown}
 p - a potion of agility
 s - 2 potions of paralysis {unknown}
 u - a potion of invisibility {unknown}
 v - 3 potions of cure mutation
 B - a potion of heal wounds
 H - 3 potions of resistance
 J - a potion of might {unknown}
Books
 F - a book of Fire

   Spells                             Type                      Level
   Fire Brand                         Charms/Fire                  2
   Ignite Poison                      Fire/Transmutation           5
   *Fireball                          Conjuration/Fire             5
   *Bolt of Fire                      Conjuration/Fire             6
   Delayed Fireball                   Conjuration/Fire             7
   Ring of Flames                     Charms/Fire                  7
 O - a book of Ice

   Spells                             Type                      Level
   Freezing Aura                      Charms/Ice                   2
   Metabolic Englaciation             Hexes/Ice                    5
   Ozocubu's Refrigeration            Ice                          6
   Bolt of Cold                       Conjuration/Ice              6
   Freezing Cloud                     Conjuration/Ice/Air          6
   Simulacrum                         Ice/Necromancy               6


   Skills:
 - Level 2.4 Dodging
 - Level 2.4 Stealth
 - Level 13.0 Spellcasting
 + Level 14.6 Conjurations
 + Level 14.8 Fire Magic


You had 13 spell levels left.
You knew the following spells:

 Your Spells              Type           Power        Failure   Level  Hunger
a - Flame Tongue          Conj/Fire      #####        1%          1    None
b - Throw Flame           Conj/Fire      ######       1%          2    None
c - Conjure Flame         Conj/Fire      ######..     1%          3    None
d - Fireball              Conj/Fire      ######....   1%          5    ##.....
e - Inner Flame           Hex/Fire       ######..     1%          3    None
f - Sticky Flame          Conj/Fire      ######..     1%          4    None
g - Bolt of Fire          Conj/Fire      ######....   4%          6    #####..


Dungeon Overview and Level Annotations

Branches:
Dungeon (9/15)             Temple (1/1) D:5            Lair (6/8) D:9
 Shoals (0/5) Lair:5       Spider (0/5) Lair:3        Slime (0/6) Lair:6
    Orc: D:9-12

Altars:
Ashenzari
Cheibriados
Dithmenos
Elyvilon
Fedhas
Kikubaaqudgha
Makhleb
Nemelex Xobeh
Okawaru
Sif Muna
Trog
Vehumet
Yredelemnul
Zin
The Shining One
Jiyva

Shops:
D:6 :   D:7 !

Annotations:
D:9 ant87's ghost, experienced DEWz


Message History

* * * LOW HITPOINT WARNING * * *
The wyvern completely misses you.
Casting: Sticky Flame
Confirm with . or Enter, or press ? or * to list all spells.
Aiming: Sticky Flame
Press: ? - help, Shift-Dir - straight line, f/p - wyvern
Aim: a wyvern (almost dead)
The sticky flame hits the wyvern.
You kill the wyvern!
The wyvern bites you!
* * * LOW HITPOINT WARNING * * *
Casting: Sticky Flame
Confirm with . or Enter, or press ? or * to list all spells.
Aiming: Sticky Flame
Press: ? - help, Shift-Dir - straight line, f - wyvern
Aim: a wyvern (severely wounded)
The sticky flame hits the wyvern.
The wyvern is severely wounded.
The wyvern is covered in liquid flames!
The wyvern burns!
The wyvern bites you!
You die...

##...............##
#.#..#.f......#...#
##....##....##....#
#.......%#.#.H.......#
##.....######....#.#.#
######.....# ..#.####
P. ##.........H#
l....# ..........D%#
H#..... .P##..#...#@#
ll#..##. #........#
#.. #. ###...f...# ..
#.#...%...#####...
##.................
#.....(%.........PP
#.................P
##.................
#...........%.....f


You could see a hippogriff and a wyvern (burning).

Vanquished Creatures
  Maud (Lair:5)
  4 hydras
  Erolcha (D:9)
  An orb spider (Lair:3)
  A griffon (Lair:4)
  11 spiny frogs
  4 black mambas
  4 komodo dragons
  5 blink frogs (Lair:5)
  5 basilisks
  13 yaks
  4 redbacks (Lair:6)
  2 wyverns
  9 hippogriffs
  A steam dragon (D:8)
  A necrophage (D:9)
  13 porcupines
  11 water moccasins
  3 orc warriors
  Purgy (Sewer)
  2 centaurs
  A phantom (D:3)
  3 giant goldfish
  4 sky beasts
  5 crocodiles
  6 ice beasts
  6 ogres
  6 giant slugs
  2 gnoll sergeants
  10 giant frogs
  2 wyvern skeletons
  5 scorpions
  An electric eel (Lair:1)
  A troll skeleton (D:8)
  4 crimson imps
  12 hounds
  A centaur zombie (D:6)
  A goliath beetle (D:9)
  A big fish (Lair:4)
  4 orc priests
  10 iguanas
  8 orc wizards
  9 worker ants
  10 sheep
  An ogre zombie (D:6)
  A hound skeleton (D:7)
  19 adders
  19 gnolls
  42 green rats
  A scorpion zombie (D:6)
  3 giant mites
  A goliath beetle zombie (D:5)
  A shadow imp (D:5)
  5 worms
  4 orc skeletons
  2 giant eyeballs
  23 orcs
  2 ball pythons
  23 bats
  A bat zombie (D:5)
  23 hobgoblins
  10 jackals
  14 kobolds
  10 quokkas
  A ball python zombie (D:6)
  8 giant cockroaches
  6 giant geckos
  A giant gecko zombie (D:8)
  2 giant newts
  2 giant spores
  12 goblins
  A jackal skeleton (D:4)
  A kobold zombie (D:8)
  24 rats
  4 ballistomycetes
  A bush (Lair:4)
  3 plants
480 creatures vanquished.

Vanquished Creatures (others)
  A giant spore (D:9)
  A ballistomycete (D:9)
  15 fungi (D:9)
  3 plants
20 creatures vanquished.

Grand Total: 500 creatures vanquished

Notes
Turn   | Place    | Note
--------------------------------------------------------------
     0 | D:1      | MRaven, the Deep Elf Fire Elementalist, began the quest for the Orb.
     0 | D:1      | Reached XP level 1. HP: 10/10 MP: 5/5
   537 | D:1      | Reached XP level 2. HP: 15/15 MP: 4/8
  1118 | D:2      | Reached XP level 3. HP: 19/19 MP: 7/10
  1181 | D:2      | Reached skill level 4 in Fire Magic
  1192 | D:2      | Learned a level 2 spell: Throw Flame
  1196 | D:2      | Learned a level 3 spell: Conjure Flame
  1487 | D:2      | Found a glowing golden altar of the Shining One.
  1856 | D:3      | Reached XP level 4. HP: 24/24 MP: 7/14
  2137 | D:3      | Found a glowing drain.
  2144 | Sewer    | Entered a sewer
  2352 | Sewer    | Noticed Purgy
  2359 | Sewer    | Killed Purgy
  2359 | Sewer    | Reached skill level 5 in Spellcasting
  2359 | Sewer    | Reached XP level 5. HP: 26/28 MP: 4/19
  2366 | Sewer    | Learned a level 5 spell: Fireball
  2370 | Sewer    | Learned a level 3 spell: Inner Flame
  2534 | D:3      | Found a blossoming altar of Fedhas.
  2959 | D:3      | Found a shattered altar of Ashenzari.
  2995 | D:3      | Noticed a phantom
  3003 | D:3      | Killed a phantom
  3003 | D:3      | Reached skill level 6 in Spellcasting
  3003 | D:3      | Reached skill level 5 in Fire Magic
  3003 | D:3      | Reached XP level 6. HP: 27/32 MP: 8/22
  4088 | D:4      | Paralysed by a giant eyeball for 3 turns
  4462 | D:5      | Entered Level 5 of the Dungeon
  4491 | D:5      | Reached XP level 7. HP: 36/36 MP: 20/24
  4616 | D:5      | Reached skill level 5 in Conjurations
  5280 | D:5      | Found a staircase to the Ecumenical Temple.
  5289 | Temple   | Entered the Ecumenical Temple
  5346 | Temple   | Became a worshipper of Sif Muna the Loreminder
  5407 | D:5      | Reached skill level 7 in Fire Magic
  5447 | D:5      | Reached XP level 8. HP: 41/41 MP: 13/25
  5870 | D:5      | Acquired Sif Muna's first power
  6348 | D:5      | Learned a level 4 spell: Sticky Flame
  6435 | D:6      | Reached skill level 8 in Fire Magic
  6732 | D:6      | Acquired Sif Muna's second power
  6953 | D:6      | Reached skill level 9 in Fire Magic
  7141 | D:6      | Found Ihisch's Book Boutique.
  7427 | D:6      | Found a basalt altar of Yredelemnul.
  7429 | D:6      | Found a white marble altar of Elyvilon.
  7432 | D:6      | Found a radiant altar of Vehumet.
  7441 | D:6      | Found a shadowy altar of Dithmenos.
  7656 | D:6      | Reached XP level 9. HP: 45/45 MP: 23/26
  8116 | D:7      | Found a glowing silver altar of Zin.
  8118 | D:7      | Got a faintly glowing falchion
  8119 | D:7      | Identified the cursed -3,+10 falchion "Koppak" {flame, *Tele rF++ Str-1 SInv} (You found it on level 7 of the Dungeon)
  8679 | D:7      | Found Wucvim's Distillery.
  8686 | D:7      | Bought a potion of haste for 84 gold pieces
  8686 | D:7      | Bought a potion of poison for 12 gold pieces
  8686 | D:7      | Bought a potion of heal wounds for 36 gold pieces
  8686 | D:7      | Bought a potion of resistance for 84 gold pieces
  9129 | D:7      | Found an iron altar of Okawaru.
  9855 | D:8      | Acquired Sif Muna's third power
 10035 | D:8      | Reached skill level 10 in Fire Magic
 10222 | D:9      | Noticed Erolcha
 10228 | D:9      | Killed Erolcha
 10228 | D:9      | Reached skill level 10 in Conjurations
 10228 | D:9      | Reached XP level 10. HP: 50/50 MP: 2/30
 10989 | D:9      | Reached skill level 11 in Fire Magic
 11219 | D:9      | Found a staircase to the Lair.
 11243 | D:9      | Noticed ant87's ghost (experienced DEWz)
 11605 | D:8      | Received a gift from Sif Muna
 11619 | D:8      | Learned a level 6 spell: Bolt of Fire
 12295 | Lair:1   | Entered Level 1 of the Lair of Beasts
 12446 | Lair:1   | Noticed a seven-headed hydra
 12449 | Lair:1   | Killed a seven-headed hydra
 12463 | Lair:1   | Reached skill level 10 in Spellcasting
 12726 | Lair:1   | Reached XP level 11. HP: 54/54 MP: 1/32
 13322 | Lair:1   | Reached skill level 12 in Fire Magic
 15443 | Lair:3   | Got an iridescent war axe
 15444 | Lair:3   | Identified the +11,+10 war axe "Worm" {pain, Noisy rF+} (You found it on level 3 of the Lair of Beasts)
 15723 | Lair:3   | Found a hole to the Spider Nest.
 15723 | Lair:3   | Noticed an orb spider
 15742 | Lair:3   | Killed an orb spider
 16602 | Lair:3   | Reached skill level 13 in Spellcasting
 17178 | Lair:3   | Received a gift from Sif Muna
 17719 | Lair:4   | Reached XP level 12. HP: 25/59 MP: 35/35
 18216 | Lair:4   | Noticed a seven-headed hydra
 18220 | Lair:4   | Killed a seven-headed hydra
 18982 | Lair:5   | Noticed Maud
 19055 | Lair:5   | Killed Maud
 19056 | Lair:5   | Noticed a five-headed hydra
 19242 | Lair:5   | Killed a five-headed hydra
 19318 | Lair:5   | Found a labyrinth entrance.
 19337 | Lair:5   | Reached skill level 14 in Fire Magic
 19637 | Lair:5   | Found a staircase to the Shoals.
 19986 | Lair:5   | Noticed a four-headed hydra
 19992 | Lair:5   | Killed a four-headed hydra
 19992 | Lair:5   | Received a gift from Sif Muna
 20741 | Lair:6   | Found a viscous altar of Jiyva.
 20741 | Lair:6   | Found a staircase to the Slime Pits.
 21860 | Lair:6   | HP: 2/59 [wyvern (10)]
 21861 | Lair:6   | Mangled by a wyvern

Action                   |  1- 3 |  4- 6 |  7- 9 | 10-12 || total
-------------------------+-------+-------+-------+-------++-------
Melee: Club              |     2 |    14 |       |       ||    16
       Whip              |       |    41 |     6 |       ||    47
       Flail             |       |       |    20 |    41 ||    61
       Falchion          |       |       |    16 |    39 ||    55
       War axe           |       |       |       |    58 ||    58
 Cast: Flame Tongue      |    63 |    55 |   183 |   209 ||   510
       Throw Flame       |       |    47 |   153 |   386 ||   586
       Fireball          |       |       |    16 |    46 ||    62
       Sticky Flame      |       |       |     1 |    74 ||    75
       Conjure Flame     |       |       |       |     1 ||     1
Evoke: Wand              |       |       |       |    10 ||    10
  Use: Scroll            |     4 |     5 |     8 |     6 ||    23
       Potion            |     1 |       |     2 |     8 ||    11
